 Dungeon Crawl Stone Soup version 0.20.1-1-g8b1a95d (webtiles) character file.

123 n0claF the Magician (level 4, -7/24 HPs)
             Began as a Deep Elf Fire Elementalist on Oct 31, 2017.
             Killed by divine providence
             ... invoked by an orc priest
              (10 damage)
             ... on level 4 of the Dungeon.
             The game lasted 00:08:27 (2533 turns).

n0claF the Magician (Deep Elf Fire Elementalist)    Turns: 2533, Time: 00:08:29

Health: -7/24      AC:  7    Str:  5    XL:     4   Next: 80%
Magic:  8/12       EV: 13    Int: 21    God:
Gold:   103        SH:  0    Dex: 15    Spells: 4/12 levels left

rFire    . . .     SeeInvis .   B - +3 whip
rCold    . . .     Gourm    .   (no shield)
rNeg     . . .     Faith    .   a - +0 robe
rPois    .         Spirit   .   w - +2 hat
rElec    .         Reflect  .   (no cloak)
rCorr    .         Harm     .   y - +2 pair of gloves
MR       .....                  (no boots)
Stlth    ++........             (no amulet)
Regen    0.1/turn               (no ring)
MPRegen  0.2/turn               (no ring)

@: no status effects
A: no striking features
a: no special abilities


You were on level 4 of the Dungeon.
You were hungry.

You visited 1 branch of the dungeon, and saw 4 of its levels.

You collected 103 gold pieces.

Inventory:

Hand Weapons
 v - a +2 short sword of speed
 B - a +3 whip (weapon)
Armour
 a - a +0 robe (worn)
 w - a +2 hat (worn)
 y - a +2 pair of gloves (worn)
Scrolls
 g - 3 scrolls of amnesia {unknown}
 h - 2 scrolls of enchant weapon {unknown}
 i - a scroll of remove curse {unknown}
 k - a scroll of blinking {unknown}
 m - 2 scrolls of identify {unknown}
 r - 3 scrolls of enchant armour {unknown}
 s - a scroll of immolation {unknown}
 u - a scroll of magic mapping {unknown}
 x - a scroll of fog {unknown}
Potions
 e - a potion of mutation {unknown}
 f - a potion of cancellation {unknown}
 j - 3 potions of haste {unknown}
 n - a potion of heal wounds {unknown}
 o - a potion of agility {unknown}
 p - 2 potions of degeneration {unknown}
 q - 2 potions of berserk rage {unknown}
 t - a potion of flight {unknown}
 z - a potion of lignification {unknown}
 A - a potion of brilliance {unknown}
 C - a potion of magic {unknown}
Books
 b - a book of Flames

   Spells                             Type                      Level
   a - Flame Tongue                   Conjuration/Fire             1
   b - Throw Flame                    Conjuration/Fire             2
   c - Conjure Flame                  Conjuration/Fire             3
   d - Inner Flame                    Hexes/Fire                   3
   e - Sticky Flame                   Conjuration/Fire             4
   f - Fireball                       Conjuration/Fire             5
Comestibles
 c - 3 bread rations
 d - 3 royal jellies
 l - 4 fruits
 D - a meat ration


   Skills:
 + Level 0.1 Fighting
 + Level 0.1 Maces & Flails
 + Level 2.9 Dodging
 + Level 2.8 Stealth
 + Level 4.8 Spellcasting
 + Level 1.9 Conjurations
 + Level 4.3 Fire Magic


You had 4 spell levels left.
You knew the following spells:

 Your Spells              Type           Power        Failure   Level  Hunger
a - Flame Tongue          Conj/Fire      ###..        3%          1    None
b - Conjure Flame         Conj/Fire      ###.....     9%          3    ##.....
c - Sticky Flame          Conj/Fire      ###.....     30%         4    ####...


Dungeon Overview and Level Annotations

Branches:
Dungeon (4/15)
 Temple: D:4-7

Altars:
Kikubaaqudgha
Okawaru
Qazlal
Trog


Message History

Press: ? - help, Shift-Dir - straight line
Okay, then.
You hit the orc wizard.
The orc wizard is almost dead.
The orc wizard casts a spell at you. The magic dart hits you!
You closely miss the orc wizard.
The orc wizard is almost dead.
The orc wizard hits you but does no damage.
An orc comes into view. It is wielding a flail.
The orc shouts!
You hit the orc wizard.
You kill the orc wizard!
The orc priest invokes the aid of Beogh against you.
Beogh smites you!
Ouch! That really hurt!
* * * LOW HITPOINT WARNING * * *
The orc priest calls down the wrath of Beogh upon you.
Beogh smites you!
You die...

#.#..............#
#o#.#######.###..#
#o#.#.. #.# #..#
#o#.#.# # #.# #..#
#ยง#.#.#.# #.# #..#
#.#.#.#.# #.# #..#
#)#.#...# #.# #..#
#.#.#.###.#.# #..#
#@#.......#.# #..#
#.#.#.#####.# #..#
#.#.#<# #.# #..#
##.#########.###..#
#......[.)........>
##.########.#####.#
#.#.# #.# #.#
#.#.######.#####.#
#.#..............#


You could see an orc priest and 2 orcs.

Vanquished Creatures
  An orc wizard (D:4)
  4 adders
  2 worms (D:3)
  A dart slug (D:2)
  2 leopard geckos
  3 giant cockroaches
  6 goblins
  3 hobgoblins
  6 jackals
  7 kobolds
  2 quokkas (D:2)
  6 bats
  A frilled lizard (D:2)
  3 rats
47 creatures vanquished.

Notes
Turn   | Place    | Note
-------+----------+-------------------------------------------
     0 | D:1      | n0claF the Deep Elf Fire Elementalist began the quest for the Orb.
     0 | D:1      | Reached XP level 1. HP: 10/10 MP: 6/6
   610 | D:1      | Reached XP level 2. HP: 12/15 MP: 2/8
   986 | D:2      | Reached XP level 3. HP: 16/19 MP: 3/10
  1127 | D:2      | Learned a level 3 spell: Conjure Flame
  1365 | D:2      | Found an iron altar of Okawaru.
  1365 | D:2      | Found an ancient bone altar of Kikubaaqudgha.
  1634 | D:3      | Found a bloodstained altar of Trog.
  1781 | D:3      | Reached XP level 4. HP: 24/24 MP: 2/12
  1867 | D:3      | Learned a level 4 spell: Sticky Flame
  1910 | D:3      | Found a stormy altar of Qazlal.
  2533 | D:4      | Killed from afar by an orc priest

Skill      XL: |  1  2  3 |
---------------+----------+-----
Fire Magic     | 4 |  4.3
Spellcasting   | 4 |  4.8
Fighting       | |  0.1
Maces & Flails | |  0.1
Dodging        | |  2.9
Stealth        | |  2.8
Conjurations   | |  1.9

Action                   |  1- 3 |  4- 6 || total
-------------------------+-------+-------++-------
Melee: Whip              |       |     3 ||     3
 Cast: Flame Tongue      |    68 |    22 ||    90
       Conjure Flame     |       |     1 ||     1
  Eat: Chunk             |     2 |     2 ||     4
Armor: Robe              |     2 |     2 ||     4
Dodge: Dodged            |     9 |     4 ||    13
